 Dungeon Crawl Stone Soup version 0.29.0-15-g675c0067aa (webtiles) character file.

Game seed: 4169366654653322894

3 qw the Sneak (level 1, -1/14 HPs)
             Began as a Gargoyle Delver on Sept 11, 2022.
             Slain by an orc
             ... wielding a +0 club
              (3 damage)
             ... on level 4 of the Dungeon.
             The game lasted 00:00:01 (34 turns).

qw the Sneak (Gargoyle Delver)                        Turns: 34, Time: 00:00:01

Health: -1/14      AC:  5    Str: 15    XL:     1   Next: 50%
Magic:  1/1        EV: 11    Int: 10    God:
Gold:   0          SH:  0    Dex: 11    Spells: 0/0 levels left

rFire   . . .      SeeInvis .   Y - +0 hand axe
rCold   . . .      Faith    .   (no shield)
rNeg    + . .      Spirit   .   b - +0 leather armour
rPois   inf        Reflect  .   (no helmet)
rElec   +          Harm     .   (no cloak)
rCorr   .          Rampage  .   (no gloves)
Will    .....                   (no boots)
Stlth   +++.......              (no amulet)
HPRegen 0.04/turn               (no ring)
MPRegen 0.07/turn               (no ring)

@: no status effects
A: sickness immunity, AC +2, negative energy resistance 1, electricity
resistance, torment resistance 1, petrification resistance
a: no special abilities


You were on level 4 of the Dungeon.
You visited 1 branch of the dungeon, and saw 2 of its levels.


Innate Abilities, Weirdness & Mutations

You are immune to sickness and miasma.
Your stone body is resilient. (AC +2)
You are immune to poison.
You resist negative energy. (rN+)
You are resistant to electric shocks. (rElec)
You are resistant to unholy torment.
You are immune to petrification.


   Skills:
 - Level 3.2 Fighting
 + Level 2.1 Axes
 - Level 1.5 Dodging
 - Level 5.4 Stealth


You couldn't memorise any spells.
You didn't know any spells.
Your spell library was empty.

Inventory:

Hand Weapons
 Y - a +0 hand axe (weapon)
Armour
 b - a +0 leather armour (worn)
Wands
 g - a wand of digging (3)
Potions
 f - a potion of haste

Dungeon Overview and Level Annotations

Branches:
Dungeon (5/15)
 Temple: D:4-7

Altars:


Message History

The orc wizard mumbles some strange words.
The orc wizard flickers and vanishes!
Deactivating autopickup; reactivate with Ctrl-A.
You hit the ball python.
You kill the ball python!
You closely miss the hobgoblin. You hit the endoplasm but do no damage.
You barely miss the hobgoblin. You hit the orc.
The hobgoblin hits you but does no damage.
The orc barely misses you.
The endoplasm hits you but does no damage.
The hobgoblin hits you but does no damage.
You hit the orc.
The orc is severely wounded.
You completely miss the hobgoblin. You hit the orc.
You barely miss the giant cockroach. You hit the hobgoblin.
You hit the endoplasm. The hobgoblin closely misses you.
The orc hits you with a +0 mace. The endoplasm freezes you.
You are frozen.
The hobgoblin hits you. The giant cockroach misses you.
You hit the endoplasm.
You kill the endoplasm!
You hit the orc.
You completely miss the giant cockroach.
You hit the hobgoblin.
You kill the hobgoblin!
You closely miss the hobgoblin. You closely miss the orc.
You hit the hobgoblin. You hit the orc. The giant cockroach closely misses you.
The hobgoblin closely misses you. The orc misses you.
The orc hits you with a +0 club. The hobgoblin barely misses you.
The orc misses you.
Your Axes skill increases to level 2!
You hit the orc.
You kill the orc!
You hit the giant cockroach. You hit the endoplasm but do no damage.
You hit the hobgoblin but do no damage. You closely miss the orc.
You hit the hobgoblin. You hit the orc. The giant cockroach bites you.
The hobgoblin hits you. x2
The endoplasm closely misses you. The orc hits you but does no damage.
The orc hits you with a +0 club.
You die...

.. .# #
#####.#####
#.##.........#
.....8.....8.#
#..........##
#..........#
##..Joo.....#
#...g@).....#
#....gB.....#
#..8.o...8..#
#$...........#
#.............#
#.#############
$.


You could see 3 orcs, an endoplasm, a giant cockroach and 2 hobgoblins.

Vanquished Creatures
  An orc (D:4)
  An endoplasm (D:4)
  A hobgoblin (D:4)
  A ball python (D:4)
4 creatures vanquished.

Notes
Turn   | Place    | Note
-------+----------+-------------------------------------------
     0 | D:5      | qw the Gargoyle Delver began the quest for the Orb.
     0 | D:5      | Reached XP level 1. HP: 14/14 MP: 1/1
     0 | D:5      | 0 ||| qw: Version: 0.1-a-117-gfe26ee0
     0 | D:5      | 0 ||| qw: Game counter: 10005
     0 | D:5      | 0 ||| qw: Always use a shield: true
     0 | D:5      | 0 ||| qw: God list: Okawaru
     0 | D:5      | 0 ||| qw: Allow faded altars: false
     0 | D:5      | 0 ||| qw: Do Orc after D:15 true
     0 | D:5      | 0 ||| qw: Do second Lair branch before Depths: true
     0 | D:5      | 0 ||| qw: Lair rune preference: random
     0 | D:5      | 0 ||| qw: Plans: Normal
     0 | D:5      | 0 ||| PLANNING D:1-11
    19 | D:5      | 19 ||| READING scroll labelled YCESEV OLAKK.
    20 | D:5      | 20 ||| DROPPING scroll of fog.
    21 | D:5      | 21 ||| DROPPING scroll of magic mapping.
    22 | D:5      | 22 ||| DROPPING scroll of fear.
    28 | D:4      | Noticed an orc wizard
    34 | D:4      | HP: 3/14 [hobgoblin (1)]
    34 | D:4      | Slain by an orc

Levels and vault maps discovered:
D:4:      layout_loops_ring, minmay_temple_entry_mist, st_stairs_1,
          nicolae_wormholes
D:5:      minmay_clustersquares, layout_loops_cross,
          nicolae_overflow_crystal_walls, minmay_manual_monstrance, uniq_pikel

Skill      XL: |  1 |
---------------+----+-----
Axes           | 2 |  2.1
Fighting       | |  3.2
Dodging        | |  1.5
Stealth        | |  5.4

Action                   || total
-------------------------++-------
Melee: Hand axe          ||     5
  Use: Scroll            ||     1
Armor: Leather armour    ||     6
Dodge: Dodged            ||    10

Table legend:
 A = Non-vault XP
 B = Vault XP
 C = Vault XP percentage of total XP
 D = Non-vault monster count
 E = Vault monster count
 F = Vault count percentage of total count
                 A         B        C        D         E       F
            +---------+---------+-------+---------+---------+-------
      Total |       5 |       3 |  37.5 |       2 |       2 |  50.0
            +---------+---------+-------+---------+---------+-------
        D:4 |       5 |       3 |  37.5 |       2 |       2 |  50.0
            +---------+---------+-------+---------+---------+-------
